 Dungeon Crawl Stone Soup version 0.29-a0-613-gf2c431b9b9 (webtiles) character file.

Game seed: 18342436225408179995

271 DocClef the Skirmisher (level 6, -5/60 HPs)
             Began as a Draconian Fighter on June 16, 2022.
             Was an Initiate of Hepliaklqana.
             Slain by an ogre
             ... wielding a +0 giant spiked club
              (20 damage)
             ... on level 4 of the Dungeon.
             The game lasted 00:03:04 (3727 turns).

DocClef the Skirmisher (Draconian Fighter)          Turns: 3727, Time: 00:03:05

Health: -5/60      AC:  9    Str: 20 (21) XL:     6   Next: 2%
Magic:  6/6        EV: 11    Int:  7 (8)  God:    Hepliaklqana [......]
Gold:   135        SH:  4    Dex:  9 (10) Spells: 5/5 levels left

rFire   . . .      SeeInvis .   a - +0 war axe
rCold   . . .      Faith    .   b - +0 buckler
rNeg    . . .      Spirit   .   (body armour unavailable)
rPois   .          Reflect  .   (helmet restricted)
rElec   .          Harm     .   k - +1 cloak
rCorr   .          Rampage  .   i - +0 pair of gloves
Will    .....                   (no boots)
Stlth   +.........              (no amulet)
HPRegen 0.20/turn               (no ring)
MPRegen 0.10/turn               (no ring)

@: no status effects
A: AC +6, unfitting armour, cold-blooded
a: Renounce Religion


You were on level 4 of the Dungeon.
You worshipped Hepliaklqana.
Hepliaklqana was noncommittal.
You visited 2 branches of the dungeon, and saw 5 of its levels.

You collected 135 gold pieces.

Inventory:

Hand Weapons
 a - a +0 war axe (weapon)
Missiles
 h - 2 throwing nets (quivered)
Armour
 b - a +0 buckler (worn)
 i - a +0 pair of gloves (worn)
 k - a +1 cloak (worn)
Jewellery
 f - a ring of see invisible
 r - a +4 ring of protection
Scrolls
 e - 2 scrolls of amnesia
 g - a scroll of teleportation
 j - a scroll of fear {unknown}
 t - 2 scrolls of noise
Potions
 c - 3 potions of might
 d - a potion of cancellation {unknown}
 l - a potion of ambrosia {unknown}
 m - a potion of curing
 n - a potion of heal wounds
 o - a potion of berserk rage {unknown}


   Skills:
 + Level 7.4 Fighting
 - Level 2.0 Axes
 - Level 2.6 Dodging
 - Level 3.0 Shields


You had 5 spell levels left.
You didn't know any spells.
Your spell library was empty.

Dungeon Overview and Level Annotations

Branches:
Dungeon (4/15)             Temple (1/1) D:4

Altars:
Ashenzari
Cheibriados
Dithmenos
Elyvilon
Fedhas
Gozag
Hepliaklqana
Kikubaaqudgha
Makhleb
Nemelex Xobeh
Sif Muna
Trog
Uskayaw
Vehumet
Wu Jian
Zin
The Shining One


Innate Abilities, Weirdness & Mutations

Your plain brown scales are hard. (AC +6)
You cannot fit into any form of body armour.
You are cold-blooded and may be slowed by cold attacks.


Message History

Done exploring.
Done exploring.
Search for what [? for help]? oka Search for what [Enter for "oka", or ? for help]? hep
There is a staircase back to the Dungeon here.
There is a hazy altar of Hepliaklqana here.
You kneel at the altar of Hepliaklqana.
Hepliaklqana welcomes you!
There is a staircase back to the Dungeon here.
You climb upwards.
Welcome back to the Dungeon!
There is a staircase to the Ecumenical Temple here.
n - a potion of heal wounds
o - a silvery potion
Found a spear.
Found an escape hatch in the floor.
Found a stone staircase leading up.
An ogre comes into view. It is wielding a +0 giant spiked club.
An ogre is nearby!
An ogre is nearby!
The ogre hits you with a +0 giant spiked club!!
You hit the ogre but do no damage. The ogre closely misses you.
You slash the ogre!
You tail-slap the ogre, but do no damage.
The ogre is heavily wounded.
The ogre closely misses you.
You closely miss the ogre.
The ogre is heavily wounded.
The ogre closely misses you.
You barely miss the ogre.
The ogre is heavily wounded.
The ogre hits you with a +0 giant spiked club!!
* * * LOW HITPOINT WARNING * * *
You are too injured to fight recklessly!
You are too injured to fight recklessly!
You are too injured to fight recklessly!
You are too injured to fight recklessly!
You are too injured to fight recklessly!
You barely miss the ogre.
The ogre is moderately wounded.
The ogre hits you with a +0 giant spiked club!!
You die...

## #......... #.. .#.
#..####.## #..
..##.#..# #.#. ...
...##.#..# #.#. .. ...
#....####.#. #
#.###.####...#......
##.#......#
#..........
#....####..##....# #
#.##.##...#.>....#.#
..............#....##
..#.##.#.........#...#
.....
#.#..........#... #..
..#.......#####.>


You could see an ogre.

Vanquished Creatures
  An ice beast (D:4)
  Terence (D:3)
  6 gnolls
  5 adders
  2 dart slugs
  An orc (D:3)
  2 bats (D:1)
  An endoplasm (D:2)
  5 giant cockroaches
  6 goblins
  7 hobgoblins
  5 kobolds
  A quokka (D:4)
  4 ball pythons
  A frilled lizard (D:2)
  3 rats (D:2)
51 creatures vanquished.

Notes
Turn   | Place    | Note
-------+----------+-------------------------------------------
     0 | D:1      | DocClef the Draconian Fighter began the quest for the Orb.
     0 | D:1      | Reached XP level 1. HP: 19/19 MP: 1/1
    17 | D:1      | Found a faded altar of an unknown god.
   240 | D:1      | Reached XP level 2. HP: 26/27 MP: 2/2
   293 | D:1      | Reached skill level 4 in Fighting
   742 | D:2      | Reached XP level 3. HP: 12/34 MP: 3/3
  1066 | D:2      | Reached skill level 5 in Fighting
  1590 | D:2      | Reached XP level 4. HP: 42/42 MP: 4/4
  1691 | D:2      | Identified the +0 robe "Zaolerud" {Str+3}
  2056 | D:3      | Noticed Terence
  2068 | D:3      | Killed Terence
  2069 | D:3      | Reached skill level 6 in Fighting
  2660 | D:3      | Reached XP level 5. HP: 28/51 MP: 5/5
  3235 | D:3      | Found a broken altar of Ashenzari.
  3282 | D:3      | Saw a vision of the Shoals and the Spider Nest.
  3282 | D:3      | Noticed a redback
  3282 | D:3      | Noticed a wolf spider
  3282 | D:3      | Noticed a sea snake
  3282 | D:3      | Noticed a merfolk
  3282 | D:3      | Noticed a sea snake
  3282 | D:3      | Noticed a merfolk
  3283 | D:3      | Noticed a redback
  3283 | D:3      | Noticed a sea snake
  3284 | D:3      | Noticed a sea snake
  3377 | D:4      | Noticed an ice beast
  3386 | D:4      | Killed an ice beast
  3387 | D:4      | Reached skill level 7 in Fighting
  3387 | D:4      | Reached XP level 6. HP: 47/60 MP: 6/6
  3482 | D:4      | Found a staircase to the Ecumenical Temple.
  3515 | Temple   | Entered the Ecumenical Temple
  3688 | Temple   | Became a worshipper of Hepliaklqana the Forgotten
  3727 | D:4      | Slain by an ogre

Illustrated notes

Levels and vault maps discovered:
D:1:      dpeg_arrival_rooms_b, layout_loops_cross,
          ebering_ecumenical_altar_sacrificial
D:2:      layout_loops_cross, serial_bayou_crossing
D:3:      layout_loops_ring, grunt_ashenzari_visionary
          [grunt_ashenzari_visionary_shoals, grunt_ashenzari_visionary_spider],
          kennysheep_generic_room_9, uniq_terence
D:4:      layout_basic, lemuel_doored_altar, minmay_temple_entry_arrows,
          roderic_serpentine_path, grunt_ministairs_14, uniq_crazy_yiuf_cottage
Temple:   eino_temple_scatter_basement

Skill      XL: |  1  2  3  4  5 |
---------------+----------------+-----
Fighting       | 4 5 6 7 |  7.4
Axes           | |  2.0
Dodging        | |  2.6
Shields        | |  3.0

Action                   |  1- 3 |  4- 6 || total
-------------------------+-------+-------++-------
Melee: War axe           |    78 |    69 ||   147
       Tailslap          |     6 |     7 ||    13
  Use: Scroll            |       |     7 ||     7
       Potion            |       |     7 ||     7
Armor: Skin              |    18 |    23 ||    41
Dodge: Dodged            |    54 |    51 ||   105
Block: Buckler           |    21 |    18 ||    39

Table legend: (Time is in decaauts)
 A = Elapsed time spent in this place.
 B = Non-inter-level travel time spent in this place.
 C = Inter-level travel time spent in this place.
 D = Time resting spent in this place.
 E = Time spent auto-exploring this place.
 F = Levels seen in this place.
 G = Mean time per level.
                   A        B        C        D        E       F      G
               +--------+--------+--------+--------+--------+-----+--------+
         Total |   3797 |   3635 |    162 |    729 |   2381 |   5 |  759.4 |
       Dungeon |   3614 |   3477 |    137 |    729 |   2240 |   4 |  903.5 |
        Temple |    182 |    157 |     25 |      0 |    141 |   1 |  182.0 |
               +--------+--------+--------+--------+--------+-----+--------+

Top non-repeatable levels by time:
     D:3: 1219 daAuts
     D:2: 1130 daAuts
     D:1: 1058 daAuts
     D:4: 205 daAuts
  Temple: 182 daAuts
